 Dungeon Crawl Stone Soup version 0.21.0 (webtiles) character file.

147 Hekarica the Covert (level 5, -2/45 HPs)
             Began as a Naga Assassin on May 23, 2018.
             Slain by a gnoll
             ... wielding a +0 whip
              (3 damage)
             ... on level 3 of the Dungeon.
             The game lasted 00:12:02 (2678 turns).

Hekarica the Covert (Naga Assassin)                 Turns: 2678, Time: 00:12:04

Health: -2/45      AC:  5    Str: 13    XL:     5   Next: 29%
Magic:  5/5        EV: 10    Int: 12    God:
Gold:   117        SH:  0    Dex: 13    Spells: 4/4 levels left

rFire    . . .     SeeInvis +   a - +2 dagger
rCold    . . .     Gourm    .   (no shield)
rNeg     . . .     Faith    .   r - +0 leather armour
rPois    +         Spirit   .   n - +0 helmet
rElec    .         Reflect  .   d - +0 cloak
rCorr    .         Harm     .   (no gloves)
MR       .....                  (no barding)
Stlth    ++++......             m - amulet of magic regeneration
HPRegen  0.15/turn              (no ring)
MPRegen  0.34/turn              (no ring)

@: drained, very slow
A: large, see invisible, deformed body, poison resistance, slowness 2, slow
metabolism 1, spit poison 1, AC +1
a: Spit Poison


You were on level 3 of the Dungeon.
You were not hungry.

You visited 1 branch of the dungeon, and saw 3 of its levels.

You collected 117 gold pieces.

Inventory:

Hand Weapons
 a - a +2 dagger (weapon)
 b - a +0 blowgun
 c - a +1 falchion of slicing
 t - a +0 hand axe of electrocution
Missiles
 e - 20 poisoned needles
 f - 2 curare-tipped needles
Armour
 d - a +0 cloak (worn)
 n - a +0 helmet (worn)
 r - a +0 leather armour (worn)
Jewellery
 m - an amulet of magic regeneration (around neck)
Wands
 o - a wand of flame (19)
Scrolls
 i - 2 scrolls of remove curse
 j - a scroll of fear
 p - a scroll of identify
 q - 2 scrolls of immolation
Potions
 h - 2 potions of heal wounds {unknown}
 k - 3 potions of curing {unknown}
 l - a potion of mutation {unknown}
 s - a potion of resistance {unknown}
 v - a potion of flight {unknown}
Comestibles
 g - 3 rations


   Skills:
 - Level 2.0(1.9) Fighting
 - Level 2.0(1.9) Short Blades
 - Level 1.0(0.9) Axes
 - Level 1.7(1.6) Throwing
 + Level 2.2(2.1) Dodging
 * Level 8.5(8.4) Stealth


You had 4 spell levels left.
You didn't know any spells.

Dungeon Overview and Level Annotations

Branches:
Dungeon (3/15)

Altars:


Innate Abilities, Weirdness & Mutations

You cannot wear boots.
Your serpentine skin is tough. (AC +1)
You have supernaturally acute eyesight. (SInv)
Armour fits poorly on your strangely shaped body.
Your system is resistant to poisons. (rPois)
You cover ground very slowly.
You have a slow metabolism.
You can spit poison.


Message History

The gnoll hits you from afar with a halberd!
The bat hits you but does no damage. The gnoll hits you but does no damage.
You hit the gnoll.
The gnoll is heavily wounded.
The bat hits you but does no damage. The gnoll barely misses you. x2
You closely miss the gnoll.
The gnoll is heavily wounded.
The bat closely misses you.
The gnoll hits you from afar with a halberd!
The bat hits you but does no damage.
You closely miss the gnoll.
The gnoll is heavily wounded.
The bat barely misses you. The gnoll hits you with a whip.
You hit the gnoll but do no damage.
The gnoll is heavily wounded.
The bat hits you.
The gnoll hits you from afar with a halberd!
* * * LOW HITPOINT WARNING * * *
The gnoll hits you with a whip.
You die...

#.# #.# #.#
####.# #.# #..
#....######.# ##.
.......##)#
#.###.##.##
#####.........#
#.....#.....#.#
#.#.###.##...##.#
#gg.@b..###.###.#
#.#g###.# ### #.#
#.###.# #.###
#.#..†..# #...
#.......#######.#
#.#####b........#
#
.............###
# .#########.#.#
# #.#.# #


You could see 3 gnolls and a bat.

Vanquished Creatures
  Crazy Yiuf (D:2)
  Jessica (D:2)
  Terence (D:2)
  2 adders (D:2)
  2 worms (D:2)
  2 dart slugs (D:2)
  A leopard gecko (D:2)
  3 bats
  4 goblins
  4 hobgoblins
  2 jackals (D:1)
  7 kobolds
  7 frilled lizards
  8 rats
45 creatures vanquished.

Notes
Turn   | Place    | Note
-------+----------+-------------------------------------------
     0 | D:1      | Hekarica the Naga Assassin began the quest for the Orb.
     0 | D:1      | Reached XP level 1. HP: 19/19 MP: 1/1
   211 | D:1      | Reached skill level 6 in Stealth
   253 | D:1      | Reached skill level 1 in Dodging
   279 | D:1      | Reached XP level 2. HP: 26/26 MP: 2/2
   954 | D:2      | Reached skill level 7 in Stealth
   954 | D:2      | Reached XP level 3. HP: 23/32 MP: 3/3
  1542 | D:2      | Noticed Terence
  1636 | D:2      | Killed Terence
  1636 | D:2      | Reached XP level 4. HP: 39/39 MP: 4/4
  1837 | D:2      | Noticed Jessica
  1841 | D:2      | Killed Jessica
  1841 | D:2      | Reached skill level 8 in Stealth
  2079 | D:2      | Reached XP level 5. HP: 45/45 MP: 5/5
  2110 | D:2      | Found a runed door.
  2114 | D:2      | Noticed Crazy Yiuf
  2120 | D:2      | Killed Crazy Yiuf
  2120 | D:2      | Reached skill level 1 in Axes
  2678 | D:3      | HP: 1/45 [gnoll/halberd (13)]
  2678 | D:3      | Slain by a gnoll

Skill      XL: |  1  2  3  4  5 |
---------------+----------------+-----
Stealth        | 6 7 8 |  8.5
Dodging        | 1 2 |  2.2
Axes           | 1 |  1.0
Fighting       | |  2.0
Short Blades   | |  2.0
Throwing       | |  1.7

Action                   |  1- 3 |  4- 6 || total
-------------------------+-------+-------++-------
Melee: Dagger            |   107 |    14 ||   121
       Hand axe          |       |    26 ||    26
 Fire: Blowgun           |    26 |       ||    26
  Use: Scroll            |       |     7 ||     7
 Stab: Sleeping          |     8 |     6 ||    14
  Eat: Ration            |     1 |     1 ||     2
Armor: Robe              |    31 |     6 ||    37
       Leather armour    |       |     8 ||     8
Dodge: Dodged            |    49 |    21 ||    70
